 Dungeon Crawl Stone Soup version 0.31-a0-692-gf03d1854d5 (webtiles) character file.

Game seed: 11620553555000883064

47 qw the Shooter (level 3, -1/22 HPs)
             Began as a Gargoyle Hunter on Sept 6, 2023.
             Slain by a hobgoblin (6 damage)
             ... led by Robin
             ... on level 2 of the Dungeon.
             The game lasted 00:00:27 (1148 turns).

qw the Shooter (Gargoyle Hunter)                    Turns: 1148, Time: 00:00:27

Health: -1/22      AC:  9    Str: 14    XL:     3   Next: 70%
Magic:  3/3        EV: 10    Int:  9    God:
Gold:   201        SH:  0    Dex: 15    Spells: 2/2 levels left

rFire   . . .        Y - +0 shortbow
rCold   . . .        (shield currently unavailable)
rNeg    + + .        e - +0 ring mail
rPois   inf          i - +0 helmet
rElec   +            (no cloak)
rCorr   .            (no gloves)
SInv    .            (no boots)
Will    .....        (no amulet)
Stlth   +            d - ring of positive energy
HPRegen 0.23/turn    (no ring)
MPRegen 0.08/turn

%: no passive effects
@: no status effects
A: sickness immunity, AC +3, negative energy resistance 1, electricity
resistance, torment resistance 1, petrification resistance
a: no special abilities


You were on level 2 of the Dungeon.
You visited 1 branch of the dungeon, and saw 2 of its levels.

You collected 201 gold pieces.


Innate Abilities, Weirdness & Mutations

You are immune to sickness and miasma.
Your stone body is resilient. (AC +3)
You are immune to poison.
You resist negative energy. (rN+)
You are resistant to electric shocks. (rElec)
You are resistant to unholy torment.
You are immune to petrification.


   Skills:
 + Level 2.6 Fighting
 - Level 5.0 Ranged Weapons
 - Level 1.0 Armour
 - Level 1.5 Dodging
 - Level 1.1 Stealth


You had 2 spell levels left.
You didn't know any spells.
Your spell library was empty.

Inventory:

Hand Weapons
 Y - a +0 shortbow (weapon)
Armour
 e - a +0 ring mail (worn)
 i - a +0 helmet (worn)
Jewellery
 d - a ring of positive energy (left hand)
Scrolls
 a - a scroll of noise {unknown}
 b - 2 scrolls of teleportation {unknown}
 c - a scroll of fog {unknown}
Potions
 f - a potion of curing {unknown}

Dungeon Overview and Level Annotations

Branches:
Dungeon (2/15)

Altars:

Shops:
D:2 :

Annotations:
D:2 1 runed translucent door, Crazy Yiuf, Robin


Message History

The hobgoblin hits you. The goblin barely misses you.
A hobgoblin comes into view.
You shoot an arrow. The arrow hits the goblin.
You kill the goblin!
The hobgoblin barely misses you.
You shoot an arrow. The arrow misses the goblin.
The hobgoblin barely misses you. The goblin hits you with a +0 club.
A goblin comes into view. It is wielding a +0 club.
You shoot an arrow. The arrow hits the goblin.
You kill the goblin!
The hobgoblin hits you but does no damage.
You shoot an arrow. The arrow completely misses the goblin.
The goblin closely misses you. The hobgoblin hits you.
A goblin comes into view. It is wielding a +0 club.
You shoot an arrow. The arrow hits the goblin.
The goblin is moderately wounded.
The goblin barely misses you. The hobgoblin closely misses you.
The goblin hits you with a +0 club.
The hobgoblin hits you but does no damage.
You shoot an arrow. The arrow hits the goblin.
The goblin is heavily wounded.
The goblin closely misses you. The hobgoblin misses you.
You shoot an arrow. The arrow hits the goblin.
You kill the goblin!
The hobgoblin hits you but does no damage.
You shoot an arrow. The arrow hits the hobgoblin.
The hobgoblin is almost dead.
The hobgoblin barely misses you. The hobgoblin hits you.
You shoot an arrow. The arrow hits the hobgoblin!
You kill the hobgoblin!
Robin throws the goblin at you! The goblin closely misses you.
The hobgoblin closely misses you. The hobgoblin barely misses you.
The goblin closely misses you.
You shoot an arrow. The arrow barely misses the goblin.
The goblin no longer looks unusually strong.
The goblin misses you. The hobgoblin hits you.
You shoot an arrow. The arrow hits the goblin!
You kill the goblin!
The hobgoblin hits you.
You die...

#.# #.#.#.#
#.#.#.# #.#.#.#
#%#.#.#.######
###
#.#.#.#..gg)g#
..#
#.#...######@##
..#
#.##..........#
..#
#.##..#########
..# #.....# ###
##....# #
##.#### # #..#
# #.## # ##.#


You could see Robin, a hobgoblin (strong) and a goblin.

Vanquished Creatures
  A dart slug (D:1)
  4 bats (D:1)
  An endoplasm (D:1)
  11 goblins
  7 hobgoblins
  2 quokkas (D:1)
  A ball python (D:1)
  3 frilled lizards
  4 kobolds
  7 rats
41 creatures vanquished.

Notes
Turn   | Place    | Note
-------+----------+-------------------------------------------
     0 | D:1      | qw the Gargoyle Hunter began the quest for the Orb.
     0 | D:1      | Reached XP level 1. HP: 12/12 MP: 1/1
     0 | D:1      | 0 ||| qw: Version: 0.3-a-76-g4403597
     0 | D:1      | 0 ||| qw: Game counter: 181
     0 | D:1      | 0 ||| qw: Melee chars always use a shield: true
     0 | D:1      | 0 ||| qw: God list: Okawaru
     0 | D:1      | 0 ||| qw: Allow faded altars: false
     0 | D:1      | 0 ||| qw: Do Orc after clearing Dungeon:15 true
     0 | D:1      | 0 ||| qw: Do second Lair branch before Depths: true
     0 | D:1      | 0 ||| qw: Lair rune preference: random
     0 | D:1      | 0 ||| qw: Goals: Normal
     0 | D:1      | 0 ||| PLANNING D:1-11
    93 | D:1      | Reached XP level 2. HP: 17/17 MP: 2/2
   278 | D:1      | Reached XP level 3. HP: 9/21 MP: 3/3
   447 | D:1      | Reached skill level 5 in Ranged Weapons
   681 | D:1      | Found a faded altar of an unknown god.
   807 | D:1      | 807 ||| UPGRADING to +0 ring mail.
   817 | D:1      | 817 ||| DROPPING +0 leather armour.
   818 | D:1      | 818 ||| UPGRADING to +0 helmet.
   823 | D:1      | 823 ||| UPGRADING to ring of positive energy.
   824 | D:1      | 824 ||| DROPPING ring of magical power.
   825 | D:1      | 825 ||| READING scroll labelled HOMYNI RUXOI.
   826 | D:1      | 826 ||| READING scroll labelled ONKONG IDWENEA.
   827 | D:1      | 827 ||| DROPPING scroll of butterflies.
   970 | D:2      | Found a runed translucent door.
   971 | D:2      | Noticed Crazy Yiuf
  1025 | D:2      | Reached skill level 1 in Armour
  1030 | D:2      | Found Qoddo's Book Shop.
  1136 | D:2      | Noticed Robin
  1147 | D:2      | HP: 5/22 [hobgoblin[Robin] (3)]
  1148 | D:2      | Slain by a hobgoblin

Levels and vault maps discovered:
D:1:      heliophobic_arrival_glass_houses, layout_basic,
          dilly_ecumenical_altar_fadedgnrine
D:2:      layout_basic, serial_shops, nicolae_shop_tiny_glass, uniq_robin,
          uniq_crazy_yiuf_cottage

Skill      XL: |  1  2  3 |
---------------+----------+-----
Ranged Weapons | 5 |  5.0
Armour         | 1 |  1.0
Fighting       | |  2.6
Dodging        | |  1.5
Stealth        | |  1.1

Action                     || total
---------------------------++-------
   Fire: Shortbow          ||    98
    Use: Scroll            ||     2
 Armour: Leather armour    ||    21
         Ring mail         ||    15
  Dodge: Dodged            ||    45

Table legend:
 A = Non-vault XP
 B = Vault XP
 C = Vault XP percentage of total XP
 D = Non-vault monster count
 E = Vault monster count
 F = Vault count percentage of total count
                 A         B        C        D         E       F
            +---------+---------+-------+---------+---------+-------
      Total |      60 |      10 |  14.3 |      36 |       5 |  12.2
            +---------+---------+-------+---------+---------+-------
        D:1 |      46 |       0 |   0.0 |      26 |       0 |   0.0
        D:2 |      14 |      10 |  41.7 |      10 |       5 |  33.3
            +---------+---------+-------+---------+---------+-------
